 Dungeon Crawl Stone Soup version 0.30-a0-553-g7fabdf1491 (webtiles) character file.

Game seed: 6166970065561343124

109342 scionoferis the Unseen (level 17, 0/93 (102) HPs)
             Began as a Kobold Brigand on Dec 26, 2022.
             Was the Champion of Dithmenos.
             Killed by the air
             ... invoked by a wind drake
              (21 damage)
             ... on level 4 of the Shoals.
             The game lasted 01:31:04 (28751 turns).

scionoferis the Unseen (Kobold Brigand)            Turns: 28751, Time: 01:31:04

HP:   0/93 (102)    AC: 15    Str: 13    XL:     17   Next: 7%
MP:   23/31         EV: 26    Int: 12    God:    Dithmenos [******]
Gold: 1142          SH:  0    Dex: 23    Spells: 16/16 levels left

rFire   . . .      SeeInvis .    a - +10 falchion of Pandemonium {spect, MP+9}
rCold   . . .      Faith    .    (no shield)
rNeg    . . .      Spirit   .    P - +0 troll leather armour
rPois   .          Reflect  .    x - +1 helmet of the Old and Reckless {+Inv Dex+3}
rElec   .          Harm     .    s - +0 cloak
rCorr   .          Rampage  .    Z - +1 pair of gloves
Will    ++...                    Q - +2 pair of boots Stlth *****+++++
                                 p - amulet of the acrobat
HPRegen 1.15/turn                z - ring of willpower
MPRegen 0.22/turn                l - ring of flight

@: spiked, flying, very slightly contaminated, wreathed by umbra, studying
Invocations, drained, invisible
A: small, no large weapons, nightstalker 3, wild magic 1
a: Renounce Religion, Evoke Invisibility, Shadow Step, Shadow Form


You were on level 4 of the Shoals.
You worshipped Dithmenos.
Dithmenos was exalted by your worship.
You visited 5 branches of the dungeon, and saw 24 of its levels.
You also visited: Gauntlet.

You collected 2221 gold pieces.
You spent 1079 gold pieces at shops.


Innate Abilities, Weirdness & Mutations

You are small and have problems with some larger weapons.
You are completely attuned to the shadows.
Your spells are a little harder to cast, but a little more powerful.


   Skills:
 - Level 10.0 Fighting
 - Level 10.1(14.4) Short Blades
 * Level 10.8(11.5) Long Blades
 - Level 2.1 Throwing
 + Level 8.5 Armour
 + Level 13.8 Dodging
 + Level 18.6 Stealth
 + Level 6.9 Invocations
 - Level 15.0 Evocations


You had 16 spell levels left.
You didn't know any spells.
Your spell library contained the following spells:

 Spells                   Type           Power      Damage    Failure   Level
 Sandblast                Erth           0%         2d4       47%         1
 Summon Small Mammal      Summ           0%         N/A       47%         1
 Ensorcelled Hibernation  Hex/Ice        0%         N/A       61%         2
 Passwall                 Tmut/Erth      0%         N/A       61%         2
 Call Canine Familiar     Summ           0%         N/A       83%         3
 Dazzling Flash           Conj/Hex       0%         N/A       83%         3
 Ignite Poison            Fire/Tmut/Pois 0%         N/A       83%         3
 Spider Form              Tmut/Pois      0%         N/A       83%         3
 Stone Arrow              Conj/Erth      0%         3d7       83%         3
 Summon Guardian Golem    Hex/Summ       0%         N/A       83%         3
 Anguish                  Hex/Necr       0%         N/A       99%         4
 Cause Fear               Hex            0%         N/A       99%         4
 Iskenderun's Mystic Bla  Conj/Tloc      0%         2d3       99%         4
 Passage of Golubria      Tloc           0%         N/A       99%         4
 Petrify                  Tmut/Erth      0%         N/A       99%         4
 Sticky Flame             Conj/Fire      0%         2d3       99%         4
 Metabolic Englaciation   Hex/Ice        0%         N/A       100%        5
 Silence                  Hex/Air        0%         N/A       100%        5
 Starburst                Conj/Fire      0%         6d3       100%        6
 Statue Form              Tmut/Erth      0%         N/A       100%        6
 Dragon Form              Tmut           0%         N/A       100%        7
 Enfeeble                 Hex            0%         N/A       100%        7
 Ignition                 Fire           0%         3d3       100%        8
 Lehudib's Crystal Spear  Conj/Erth      0%         10d2      100%        8
 Dragon's Call            Summ           0%         N/A       100%        9

Inventory:

Hand Weapons
 a - the +10 falchion of Pandemonium (weapon) {spect, MP+9}
   (You found it on level 6 of the Dungeon)

   When its wielder attacks, the weapon's spirit leaps out and strikes again.
   The spirit shares a part of any damage it takes with its wielder.
   MP:        It affects your magic capacity (+9).
 b - a +3 vampiric rapier
   (You took it off a merfolk aquamancer on level 1 of the Shoals)
 d - a +2 dagger of speed
   (You found it on level 5 of the Dungeon)
 V - a +2 rapier of electrocution
   (You took it off a merfolk aquamancer on level 2 of the Shoals)
Missiles
 t - 73 poisoned darts (quivered)
 E - 8 curare-tipped darts
 M - 3 throwing nets
Armour
 s - a +0 cloak (worn)
   (You found it on level 3 of the Dungeon)
 x - the +1 helmet of the Old and Reckless (worn) {+Inv Dex+3}
   (You found it on level 3 of the Dungeon)

   Dex:       It affects your dexterity (+3).
   +Inv:      It lets you turn invisible.
 P - a +0 troll leather armour (worn)
   (You found it on level 12 of the Dungeon)
 Q - a +2 pair of boots (worn)
   (You bought it in a shop on level 12 of the Dungeon)
 Z - a +1 pair of gloves (worn)
   (You found it on level 2 of the Shoals)
Jewellery
 e - the ring of Sloth {Ice *Corrode Str+4 SInv}
   (You found it on level 3 of the Shoals)

   [ring of ice]

   It enhances your ice magic.
   Str:       It affects your strength (+4).
   rF:        It makes you vulnerable to fire.
   rC:        It protects you from cold.
   SInv:      It lets you see invisible.
   *Corrode:  It may corrode you when you take damage.
 i - a ring of fire
   (You found it on level 3 of the Shoals)
 l - a ring of flight (right hand)
   (You bought it in a shop on level 2 of the Orcish Mines)
 p - an amulet of the acrobat (around neck)
   (You bought it in a shop on level 2 of the Orcish Mines)
 q - a ring of ice
   (You found it on level 1 of the Lair of Beasts)
 z - a ring of willpower (left hand)
   (You took it off a goblin on level 4 of the Dungeon)
 B - the ring of Exad {rC+ rCorr Str+6 Int-2}
   (You found it on level 1 of the Lair of Beasts)

   [ring of strength]

   Str:       It affects your strength (+6).
   Int:       It affects your intelligence (-2).
   rC:        It protects you from cold.
   rCorr:     It protects you from acid and corrosion.
 F - a +4 ring of protection
   (You found it in a Gauntlet)
 N - a ring of willpower
   (You found it on level 8 of the Dungeon)
Wands
 o - a wand of iceblast (10)
   (You found it on level 11 of the Dungeon)
 v - a wand of flame (26)
   (You took it off Ijyb on level 3 of the Dungeon)
 J - a wand of quicksilver (10)
   (You found it in a Gauntlet)
 K - a wand of paralysis (7)
   (You found it on level 3 of the Lair of Beasts)
 L - a wand of mindburst (19)
   (You found it on level 3 of the Lair of Beasts)
Scrolls
 g - 2 scrolls of blinking
 m - 9 scrolls of teleportation
 r - a scroll of summoning
 u - 4 scrolls of fog
 y - 5 scrolls of vulnerability
 D - a scroll of amnesia {unknown}
 G - a scroll of magic mapping
 O - 2 scrolls of silence
Potions
 c - 2 potions of haste
 f - 2 potions of might
 h - 9 potions of curing
 k - a potion of magic
 n - 2 potions of resistance
 w - 3 potions of heal wounds
 A - 6 potions of flight
 C - 4 potions of lignification {unknown}
 H - 3 potions of ambrosia {unknown}
 I - a potion of invisibility {unknown}
 R - a potion of cancellation {unknown}
Miscellaneous
 j - a tin of tremorstones (2/2)
   (You found it on level 9 of the Dungeon)
 S - a box of beasts
   (You found it on level 5 of the Lair of Beasts)
 Y - a lightning rod (4/4)
   (You found it on level 3 of the Shoals)

Dungeon Overview and Level Annotations

Branches:
Dungeon (12/15)            Temple (1/1) D:6            Lair (5/5) D:9
 Shoals (4/4) Lair:3        Snake (0/4) Lair:2        Slime (0/5) Lair:4
    Orc (2/2) D:11            Elf (0/3) Orc:2       Gauntlet (visited)

Altars:
Ashenzari
Cheibriados
Dithmenos
Elyvilon
Fedhas
Gozag
Hepliaklqana
Kikubaaqudgha
Makhleb
Nemelex Xobeh
Okawaru
Qazlal
Ru
Sif Muna
Trog
Uskayaw
Vehumet
Wu Jian
Xom
Yredelemnul
Zin
The Shining One
Jiyva

Shops:
D:7 (   D:8 *   D:12 [   Orc:2 :=![   Shoals:1 : Shoals:2

** ##.$## ###.....
~#8..H.~...
...§†H.#..#.# ..#
..k.@###....##...
#..§..}........# .#
##..##.(~~.)...+..#
≈.#. #).......##...
. ≈≈≈≈
##.....#.#...#.#
≈≈##.###...###..
≈≈≈≈≈≈#.~......~#
≈≈ ≈≈≈####)...###
###.)#≈≈


You could see a wind drake (repels missiles, unable to see you), a manticore
(unable to see you) and a harpy (unable to see you).


Message History

You fly upwards.
There is a stone staircase leading down here.
You feel the dreadful sensation subside.
You feel a bond with the +10 falchion of Pandemonium {spect, MP+9}.
a - the +10 falchion of Pandemonium (weapon)
{spect, MP+9} The merfolk impaler hits you with a +5 trident of protection.
You hit the merfolk impaler.
The merfolk impaler is lightly wounded.
Your +10 falchion of Pandemonium {spect, MP+9} hits the merfolk impaler!
The merfolk misses you.
The merfolk impaler completely misses you.
You barely miss the merfolk impaler.
The merfolk impaler is moderately wounded.
Your +10 falchion of Pandemonium {spect, MP+9} hits the merfolk impaler.
The merfolk completely misses you.
The merfolk impaler completely misses you.
You closely miss the merfolk impaler.
The merfolk impaler is moderately wounded.
Your +10 falchion of Pandemonium {spect, MP+9} hits the merfolk impaler!
The merfolk impaler completely misses you.
The merfolk hits you but does no damage.
You miss the merfolk impaler.
The merfolk impaler is heavily wounded.
Your +10 falchion of Pandemonium {spect, MP+9} hits the merfolk impaler!
The merfolk impaler hits you with a +5 trident of protection.
The merfolk impaler completely misses you.
You slash the merfolk impaler!
The merfolk impaler is severely wounded.
Your shadow hits the merfolk impaler with a falchion.
Your +10 falchion of Pandemonium {spect, MP+9} hits the merfolk impaler!
The merfolk closely misses you.
The merfolk impaler hits your +10 falchion of Pandemonium {spect, MP+9} with a +5 trident of protection!
Your spectral weapon shares its damage with you!
You slash the merfolk impaler!
You kill the merfolk impaler!
Dithmenos accepts your kill. The merfolk completely misses you.
You barely miss the merfolk.
Your +10 falchion of Pandemonium {spect, MP+9} hits the merfolk!
The merfolk hits you with a +0 halberd.
You closely miss the merfolk.
The merfolk is moderately wounded.
Your +10 falchion of Pandemonium {spect, MP+9} hits the merfolk!!
You slash the merfolk!
You kill the merfolk!
Dithmenos accepts your kill.
Things that are here:
a +5 trident of protection; a +0 robe
There is a stone staircase leading down, spattered with blood here.
You start resting.
HP restored.
You start resting.
Magic restored.
You fly downwards.
The merfolk completely misses you.
There is a stone staircase leading up here.
The merfolk hits you with a +0 glaive!
You hit the merfolk.
The merfolk is lightly wounded.
Your shadow barely misses the merfolk.
Your +10 falchion of Pandemonium {spect, MP+9} closely misses the merfolk.
You slice the merfolk!!
The merfolk is moderately wounded.
Your +10 falchion of Pandemonium {spect, MP+9} hits the merfolk!!
The merfolk closely misses you.
You closely miss the merfolk.
The merfolk is severely wounded.
Your +10 falchion of Pandemonium {spect, MP+9} hits the merfolk!
The merfolk hits your +10 falchion of Pandemonium {spect, MP+9} with a +0 glaive!
Your spectral weapon shares its damage with you!
You hit the merfolk.
You kill the merfolk!
Dithmenos accepts your kill.
You see here a +0 glaive.
Throw: 73 darts (poison)
Press: ? - help, Q - select action, (/) - cycle Shift-Dir - straight line, f - sea snake
Aim: a sea snake (wandering, hasn't noticed you, umbra, 55% to hit)
You throw a poisoned dart. The poisoned dart hits the sea snake.
The sea snake hisses angrily.
You slash the sea snake!
The sea snake is lightly wounded.
Your +10 falchion of Pandemonium {spect, MP+9} hits the sea snake!!
The sea snake closely misses you.
You closely miss the sea snake.
The sea snake is heavily wounded.
Your shadow hits the sea snake with a falchion.
Your +10 falchion of Pandemonium {spect, MP+9} misses the sea snake.
The sea snake misses you.
You slash the sea snake!
The sea snake is severely wounded.
Your shadow hits the sea snake with a falchion.
Your +10 falchion of Pandemonium {spect, MP+9} hits the sea snake!
The sea snake bites your +10 falchion of Pandemonium {spect, MP+9}!
Your spectral weapon shares its damage with you!
You closely miss the sea snake.
The sea snake is almost dead.
Your +10 falchion of Pandemonium {spect, MP+9} hits the sea snake!
You kill the sea snake!
Dithmenos accepts your kill.
t - 73 poisoned darts (gained 1)
You feel your magic capacity decrease.
You feel a sense of dread.
b - a +3 vampiric rapier (weapon)
There is an open translucent door here.
You see here a staff of poison.
You see here a +3 war axe of chaos.
There is a shimmering altar of Xom here.
There is an open translucent door here.
An alligator snapping turtle comes into view.
Found a stone staircase leading up.
The helpless alligator snapping turtle fails to defend itself.
You skewer the alligator snapping turtle like a kebab!!!!!
You kill the alligator snapping turtle!
Dithmenos accepts your kill.
There is a stone staircase leading up, spattered with blood here.
e - the ring of Sloth {Ice *Corrode Str+4 SInv}
Found a quarterstaff.
Found a stone staircase leading down.
Unknown command.
There is a stone staircase leading down here.
A water nymph comes into view.
Found a silken robe.
The helpless water nymph fails to defend itself.
You perforate the water nymph like a sieve!!!!!
You kill the water nymph!
Dithmenos accepts your kill.
Your Invocations skill increases to level 5!
You see here the +1 robe of Weightlessness {rCorr Str+2 Dex+2}.
A dream sheep comes into view.
A dream sheep comes into view.
A wind drake and a dream sheep come into view.
A faun comes into view.
It is wielding a +0 quarterstaff. 2 fauns and a wind drake come into view.
The dream sheep bleats! x2
You hit the dream sheep but do no damage.
The faun shouts! x3; You hear a bleat!
You hear a shout!
You feel the dreadful sensation subside.
You feel a bond with the +10 falchion of Pandemonium {spect, MP+9}.
a - the +10 falchion of Pandemonium (weapon)
{spect, MP+9} The dream sheep closely misses you.
The wind drake hisses angrily.
You slash the dream sheep!
The dream sheep is almost dead.
Your +10 falchion of Pandemonium {spect, MP+9} hits the dream sheep!
You kill the dream sheep!
Dithmenos accepts your kill. The wind drake flaps its wings at you.
The air twists around and strikes you. The wind drake misses you.
You hit the wind drake.
The wind drake is lightly wounded.
Your +10 falchion of Pandemonium {spect, MP+9} closely misses the wind drake.
The faun unwields a +0 spear.
The faun wields a +3 sling.
The faun shoots a sling bullet.
The sling bullet hits your +10 falchion of Pandemonium {spect, MP+9}!
Your spectral weapon shares its damage with you!
The faun hits your +10 falchion of Pandemonium {spect, MP+9} with a +0 quarterstaff!!
Your spectral weapon shares its damage with you!
Your +10 falchion of Pandemonium {spect, MP+9} fades away.
A faun comes into view. It is wielding a +0 spear.
The wind drake exhales a fierce blast of wind!
You are blown backwards!
The faun moves out of view.
The faun unwields a +0 quarterstaff.
The faun wields a +0 sling.
The faun shoots a sling bullet.
The sling bullet hits you!
The dream sheep shake their wool and sparkle.
You feel drowsy...
You fall asleep.
The faun unwields a +0 spear.
The faun wields a +0 sling.
The faun shoots a sling bullet.
The sling bullet hits you!
You wake up.
You see here 30 gold pieces.
The wind drake flaps its wings at you. The air twists around and strikes you!
The faun shoots a sling bullet.
The sling bullet completely misses you.
You feel drained.
You fade into invisibility!
You are very lightly contaminated with residual magic.
The wind drake flaps its wings at you.
* * * LOW HITPOINT WARNING * * *
You emit a cloud of dark smoke.
The faun shoots a sling bullet.
The sling bullet completely misses you.
The wind drake exhales a fierce blast of wind!
You are blown backwards!
The fauns are blown away by the wind.
The faun shoots a sling bullet.
The faun points at you and mumbles some strange words.
Your willpower is stripped away!
You slash the faun!
The faun is moderately wounded.
Your +10 falchion of Pandemonium {spect, MP+9} hits the faun!
You strike the helpless faun from behind!
You slash the faun!
The faun is severely wounded.
Your shadow hits the faun with a falchion.
Your +10 falchion of Pandemonium {spect, MP+9} barely misses the faun.
You slash the faun!
You kill the faun!
Dithmenos accepts your kill.
The faun shoots a sling bullet.
The sling bullet completely misses you.
You feel your magic capacity decrease.
You feel a sense of dread.
b - a +3 vampiric rapier (weapon)
The wind drake hisses angrily.
You puncture the faun!
You feel better.
The faun is lightly wounded.
Your shadow completely misses the faun.
The faun shoots a sling bullet.
The sling bullet completely misses you.
The wind drake exhales a fierce blast of wind!
You barely miss the wind drake.
The wind drake is lightly wounded.
You hit the wind drake.
The wind drake is lightly wounded.
The faun unwields a +3 sling.
The faun wields a +0 spear.
The faun closely misses you.
The faun points at the wind drake and mumbles some strange words.
The faun resists with some effort.
The wind drake closely misses you.
You catch the helpless wind drake completely off-guard!
You perforate the wind drake like a sieve!!!
You kill the wind drake!
Dithmenos accepts your kill.
You closely miss the dream sheep.
Your shadow hits the dream sheep with a rapier.
The faun completely misses you. x2
You barely miss the dream sheep.
The dream sheep is lightly wounded.
You puncture the dream sheep!
You feel better.
The dream sheep is heavily wounded.
The faun completely misses you.
The faun gestures at you while chanting.
You resist with some effort.
You hit the dream sheep.
You feel better.
The dream sheep is severely wounded.
Your shadow hits the dream sheep with a rapier.
You kill the dream sheep!
Dithmenos accepts your kill.
The faun shoots a sling bullet.
The sling bullet barely misses the faun.
The sling bullet barely misses the dream sheep.
You closely miss the dream sheep. The dream sheep completely misses you.
The faun barely misses you.
You catch the helpless dream sheep completely off-guard!
You stick the dream sheep like a pincushion!!!
You kill the dream sheep!
Dithmenos accepts your kill.
You puncture the faun!
You feel better.
The faun is moderately wounded.
Your shadow hits the faun with a rapier.
The faun unwields a +0 spear.
The faun wields a +0 sling.
The faun shoots a sling bullet.
The sling bullet completely misses you.
You strike the helpless wind drake from behind!
You perforate the wind drake like a sieve!!!
You kill the wind drake!
Dithmenos accepts your kill.
The faun shoots a sling bullet.
The sling bullet closely misses you.
You catch the helpless faun completely off-guard!
You perforate the faun like a sieve!!!
You feel better.
You kill the faun!
Dithmenos accepts your kill.
The faun shoots a sling bullet.
The sling bullet closely misses the faun.
You catch the helpless faun completely off-guard!
You perforate the faun like a sieve!!!
You feel better.
You kill the faun!
Dithmenos accepts your kill.
The faun shoots a sling bullet.
The sling bullet completely misses you.
Items here: )))).
The faun shoots a sling bullet.
The sling bullet completely misses you.
You catch the helpless faun completely off-guard!
You skewer the faun like a kebab!!!
You feel better.
The faun is almost dead.
The faun unwields a +0 sling.
The faun wields a +0 spear.
The faun closely misses you.
You hit the faun.
The faun is almost dead.
You barely miss the faun.
The faun is almost dead.
You catch the helpless faun completely off-guard!
You stick the faun like a pincushion!!!
You kill the faun!
Dithmenos accepts your kill.
You hear a splash. x2
You now have 1093 gold pieces (gained 30).
Things that are here:
a +0 sling; a +0 quarterstaff; a wind drake corpse You flicker for a moment.
Items here: )))).
Found 11 gold pieces.
You flicker back into view.
You feel your willpower return.
Your magical contamination has completely faded away.
Magic restored.
You now have 1104 gold pieces (gained 11).
A - 4 golden potions (gained 1) 2 fauns come into view.
A faun comes into view. It is wielding a +0 club.
The helpless faun fails to defend itself.
You perforate the faun like a sieve!!!!!
You kill the faun!
Dithmenos accepts your kill.
You hear a splash. x2
The helpless faun fails to defend itself.
You spit the faun like a pig!!!!
You kill the faun!
Dithmenos accepts your kill.
You hear a splash. x2
Your life force feels restored.
The helpless faun fails to defend itself.
You spit the faun like a pig!!!!!
You kill the faun!
Dithmenos accepts your kill.
You hear a splash. x2
A merfolk comes into view. It is wielding a +0 trident.
Found 21 gold pieces.
The helpless merfolk fails to defend itself.
You skewer the merfolk like a kebab!!!!!
You kill the merfolk!
Dithmenos accepts your kill.
You catch the helpless merfolk completely off-guard!
You stick the merfolk like a pincushion!!!
The merfolk impaler shouts!
Your punch misses the merfolk.
The merfolk is severely wounded.
You hear a shout!
The merfolk completely misses you.
You hear a shout!
You hit the merfolk.
The merfolk is almost dead.
Your shadow hits the merfolk with a rapier.
The merfolk completely misses you.
The merfolk impaler completely misses you.
The merfolk completely misses you.
The merfolk impaler hits you from afar with a +2 vorpal trident.
The merfolk completely misses you.
The merfolk impaler completely misses you.
The merfolk impaler hits you with a +2 vorpal trident!
You barely miss the merfolk impaler.
The merfolk impaler hits you with a +2 vorpal trident.
The merfolk hits you from afar with a +0 glaive!
You feel the dreadful sensation subside.
You feel a bond with the +10 falchion of Pandemonium {spect, MP+9}.
a - the +10 falchion of Pandemonium (weapon)
{spect, MP+9} The merfolk impaler barely misses you.
You closely miss the merfolk impaler. Your punch misses the merfolk impaler.
Your +10 falchion of Pandemonium {spect, MP+9} hits the merfolk impaler!!
The merfolk impaler closely misses you.
The merfolk throws a boomerang.
The boomerang hits your +10 falchion of Pandemonium {spect, MP+9}!
Your spectral weapon shares its damage with you!
The merfolk hits you but does no damage.
You closely miss the merfolk impaler.
The merfolk impaler is lightly wounded.
Your +10 falchion of Pandemonium {spect, MP+9} hits the merfolk impaler!!
The merfolk impaler hits you with a +2 vorpal trident.
The merfolk completely misses you.
You miss the merfolk impaler.
The merfolk impaler is moderately wounded.
Your +10 falchion of Pandemonium {spect, MP+9} misses the merfolk impaler.
The merfolk impaler hits you with a +2 vorpal trident!
The merfolk barely misses you.
The merfolk hits you from afar with a +0 trident.
The merfolk impaler hits you with a +2 vorpal trident.
You slash the merfolk impaler!
The merfolk impaler is heavily wounded.
Your +10 falchion of Pandemonium {spect, MP+9} hits the merfolk impaler!
The merfolk throws a boomerang.
The boomerang hits your +10 falchion of Pandemonium {spect, MP+9}!
Your spectral weapon shares its damage with you!
The merfolk hits you but does no damage.
The merfolk impaler hits you with a +2 vorpal trident.
The merfolk hits you but does no damage.
Unknown command.
You barely miss the merfolk impaler.
The merfolk impaler is severely wounded.
Your shadow misses the merfolk impaler.
Your +10 falchion of Pandemonium {spect, MP+9} closely misses the merfolk impaler.
The merfolk impaler hits you with a +2 vorpal trident!
* * * LOW HITPOINT WARNING * * *
x2 The merfolk closely misses you.
The merfolk completely misses you.
Unknown command.
You completely miss the merfolk impaler.
The merfolk impaler is severely wounded.
Your shadow hits the merfolk impaler with a falchion.
Your +10 falchion of Pandemonium {spect, MP+9} misses the merfolk impaler.
The merfolk impaler hits your +10 falchion of Pandemonium {spect, MP+9} with a +2 vorpal trident.
Your spectral weapon shares its damage with you!
Your +10 falchion of Pandemonium {spect, MP+9} fades away.
* * * LOW HITPOINT WARNING * * *
The merfolk hits you but does no damage.
The merfolk throws a boomerang.
The boomerang misses you.
Unknown command.
The merfolk impaler shouts!
You slice the merfolk impaler!!
The merfolk impaler is almost dead.
Your +10 falchion of Pandemonium {spect, MP+9} hits the merfolk impaler!
You kill the merfolk impaler!
Dithmenos accepts your kill.
You hear a splash. x2
The merfolk completely misses you. The merfolk closely misses you.
The merfolk throws a boomerang.
The boomerang completely misses you. The merfolk completely misses you.
The merfolk throws a boomerang.
The boomerang closely misses you.
The merfolk hits you from afar with a +0 trident!
* * * LOW HITPOINT WARNING * * *
The merfolk misses you.
The merfolk throws a boomerang.
The boomerang completely misses you.
The merfolk throws a boomerang.
The boomerang completely misses you.
The merfolk throws a boomerang.
The boomerang hits you.
* * * LOW HITPOINT WARNING * * *
There is a stone staircase leading up here.
The merfolk misses you. The merfolk completely misses you.
You fly upwards.
There is a stone staircase leading down here.
You start resting.
Magic restored.
You start resting.
A merfolk siren is nearby!
You feel your magic capacity decrease.
You feel a sense of dread.
b - a +3 vampiric rapier (weapon)
You catch the helpless faun completely off-guard!
You stick the faun like a pincushion!!!
You feel better.
The faun is almost dead.
Your shadow hits the faun with a rapier.
You kill the faun!
Dithmenos accepts your kill.
You barely miss the merfolk siren.
Your shadow hits the merfolk siren with a rapier.
You closely miss the merfolk siren.
The merfolk siren is lightly wounded.
The merfolk siren closely misses you.
You completely miss the merfolk siren.
The merfolk siren is lightly wounded.
Your shadow hits the merfolk siren but does no damage.
The faun shouts!
You puncture the merfolk siren!
The merfolk siren is moderately wounded.
The merfolk siren barely misses you.
You feel the dreadful sensation subside.
You feel a bond with the +10 falchion of Pandemonium {spect, MP+9}.
a - the +10 falchion of Pandemonium (weapon)
{spect, MP+9} You hit the merfolk siren.
The merfolk siren is moderately wounded.
Your +10 falchion of Pandemonium {spect, MP+9} hits the merfolk siren!
The merfolk siren chants a haunting song.
You resist with almost no effort.
You slash the merfolk siren!
The merfolk siren is almost dead.
Your +10 falchion of Pandemonium {spect, MP+9} hits the merfolk siren!!
You kill the merfolk siren!
Dithmenos accepts your kill.
The faun unwields a +0 spear.
The faun wields a +0 sling.
The faun shoots a sling bullet.
The sling bullet barely misses you.
Things that are here:
a +0 club; a +0 sling; a faun corpse The faun unwields a +0 sling.
The faun wields a +0 spear.
The faun barely misses you.
You slash the faun!
The faun is moderately wounded.
Your +10 falchion of Pandemonium {spect, MP+9} hits the faun!
The faun misses you.
You slash the faun!
The faun is almost dead.
Your +10 falchion of Pandemonium {spect, MP+9} closely misses the faun.
The faun completely misses you.
You hit the faun.
You kill the faun!
Dithmenos accepts your kill.
Things that are here:
a +0 spear; a +0 sling; a faun corpse
Things that are here:
a +3 spear; a merfolk corpse
Things that are here:
a +0 club; a +0 sling; a faun corpse Magic restored.
Done exploring.
There is a stone staircase leading down here.
You fly downwards.
The merfolk misses you. The merfolk hits you with a +0 trident!
The merfolk throws a boomerang.
The boomerang completely misses you.
The merfolk hits you but does no damage.
There is a stone staircase leading up here.
You barely miss the merfolk.
Your shadow hits the merfolk with a falchion.
Your +10 falchion of Pandemonium {spect, MP+9} hits the merfolk.
The merfolk hits you but does no damage.
The merfolk misses you.
The merfolk hits you from afar with a +0 glaive!
The merfolk misses you. x2; The merfolk closely misses you.
You fly upwards.
There is a stone staircase leading down here.
You slash the merfolk!
The merfolk is moderately wounded.
Your +10 falchion of Pandemonium {spect, MP+9} hits the merfolk!
The merfolk completely misses you.
You slash the merfolk!
The merfolk is severely wounded.
Your shadow hits the merfolk but does no damage.
Your +10 falchion of Pandemonium {spect, MP+9} misses the merfolk.
You slash the merfolk!
You punch the merfolk, but do no damage.
The merfolk is severely wounded.
Your +10 falchion of Pandemonium {spect, MP+9} hits the merfolk.
The merfolk completely misses you.
You slash the merfolk!
You kill the merfolk!
Dithmenos accepts your kill.
You hear a splash.
You see here a +0 trident.
There is a stone staircase leading down here.
You start resting.
HP restored.
You fly downwards.
The merfolk closely misses you. The merfolk completely misses you.
The merfolk throws a boomerang.
The boomerang closely misses you.
There is a stone staircase leading up, spattered with blood here.
The merfolk misses you. The merfolk closely misses you.
You fly upwards.
There is a stone staircase leading down here.
You slash the merfolk!
The merfolk is lightly wounded.
Your +10 falchion of Pandemonium {spect, MP+9} hits the merfolk!
The merfolk barely misses you.
You closely miss the merfolk.
The merfolk is heavily wounded.
Your +10 falchion of Pandemonium {spect, MP+9} hits the merfolk!
The merfolk hits your +10 falchion of Pandemonium {spect, MP+9} with a +0 spear!
Your spectral weapon shares its damage with you!
You catch the helpless merfolk completely off-guard!
You slash the merfolk!
The merfolk is severely wounded.
Your shadow hits the merfolk but does no damage.
Your +10 falchion of Pandemonium {spect, MP+9} hits the merfolk!!
You kill the merfolk!
Dithmenos accepts your kill.
A - 5 golden potions (gained 1)
Things that are here:
a +0 spear; 2 boomerangs; a merfolk corpse
Things that are here:
a +0 spear; 2 boomerangs; a merfolk corpse
There is a stone staircase leading down here.
You start resting.
HP restored.
You fly downwards.
The merfolk completely misses you.
There is a stone staircase leading up here.
The merfolk hits you with a +3 trident.
You slash the merfolk!
The merfolk is lightly wounded.
Your shadow hits the merfolk with a falchion.
Your +10 falchion of Pandemonium {spect, MP+9} hits the merfolk!
The merfolk misses you.
You slash the merfolk!
The merfolk is heavily wounded.
Your shadow hits the merfolk with a falchion.
Your +10 falchion of Pandemonium {spect, MP+9} barely misses the merfolk.
The merfolk hits you with a +3 trident!!
You closely miss the merfolk. Your punch misses the merfolk.
The merfolk is severely wounded.
Your +10 falchion of Pandemonium {spect, MP+9} hits the merfolk.
You slash the merfolk!
You kill the merfolk!
Dithmenos accepts your kill.
You hear a splash. x2
The merfolk misses you. The merfolk completely misses you.
You slice the merfolk!!
The merfolk is moderately wounded.
Your shadow misses the merfolk.
Your +10 falchion of Pandemonium {spect, MP+9} hits the merfolk!
You hit the merfolk.
The merfolk is heavily wounded.
Your shadow hits the merfolk with a falchion.
Your +10 falchion of Pandemonium {spect, MP+9} hits the merfolk!
The merfolk hits you with a +0 glaive!
You hit the merfolk.
The merfolk is almost dead.
Your shadow barely misses the merfolk.
Your +10 falchion of Pandemonium {spect, MP+9} hits the merfolk!
You kill the merfolk!
Dithmenos accepts your kill.
You hear a splash. x2
D - a scroll of identify
Things that are here:
a +0 glaive; a merfolk corpse
Things that are here:
a +3 trident; a boomerang
As you read the scroll of identify, it crumbles to dust.
A - 5 potions of flight A merfolk siren comes into view.
It is wielding a +0 spear.
You feel your magic capacity decrease.
You feel a sense of dread.
b - a +3 vampiric rapier (weapon)
The merfolk siren shouts!
The merfolk siren chants a haunting song.
You resist with almost no effort.
The merfolk siren completely misses you.
You completely miss the merfolk siren.
Your shadow completely misses the merfolk siren.
The merfolk siren chants a haunting song.
You resist with almost no effort.
You feel the dreadful sensation subside.
You feel a bond with the +10 falchion of Pandemonium {spect, MP+9}.
a - the +10 falchion of Pandemonium (weapon)
{spect, MP+9} You slash the merfolk siren!
The merfolk siren is moderately wounded.
Your +10 falchion of Pandemonium {spect, MP+9} hits the merfolk siren!
The merfolk siren closely misses you.
You hit the merfolk siren but do no damage.
The merfolk siren is heavily wounded.
Your +10 falchion of Pandemonium {spect, MP+9} hits the merfolk siren.
You closely miss the merfolk siren.
The merfolk siren is severely wounded.
Your shadow hits the merfolk siren with a falchion.
Your +10 falchion of Pandemonium {spect, MP+9} closely misses the merfolk siren.
The merfolk siren chants a haunting song.
You resist with some effort.
You slash the merfolk siren!
The merfolk siren is almost dead.
Your shadow hits the merfolk siren with a falchion.
You kill the merfolk siren!
Dithmenos accepts your kill.
You hear a splash.
You swap places.
Things that are here:
a +0 spear; a merfolk corpse You feel your magic capacity decrease.
You feel a sense of dread.
b - a +3 vampiric rapier (weapon)
Magic restored.
Things that are here:
a +0 robe; a +2 vorpal trident You now have 1125 gold pieces (gained 21). 2 harpies come into view.
A harpy comes into view.
A harpy comes into view.
The helpless harpy fails to defend itself.
You perforate the harpy like a sieve!!!!!
You kill the harpy!
Dithmenos accepts your kill.
Your Invocations skill increases to level 6!
The helpless harpy fails to defend itself.
You perforate the harpy like a sieve!!!!!
You kill the harpy!
Dithmenos accepts your kill.
A merfolk siren comes into view. It is wielding a +0 trident.
The helpless harpy fails to defend itself.
You stick the harpy like a pincushion!!!!!
You kill the harpy!
Dithmenos accepts your kill.
The merfolk siren shouts!
The merfolk siren barely misses you.
You catch the helpless harpy completely off-guard!
You spit the harpy like a pig!!!
You kill the harpy!
Dithmenos accepts your kill.
You feel the dreadful sensation subside.
You feel a bond with the +10 falchion of Pandemonium {spect, MP+9}.
a - the +10 falchion of Pandemonium (weapon)
{spect, MP+9} The merfolk siren misses you.
You barely miss the merfolk siren.
Your shadow barely misses the merfolk siren.
Your +10 falchion of Pandemonium {spect, MP+9} hits the merfolk siren!
The merfolk siren closely misses you.
You closely miss the merfolk siren.
The merfolk siren is moderately wounded.
Your +10 falchion of Pandemonium {spect, MP+9} hits the merfolk siren!
You slash the merfolk siren!
The merfolk siren is almost dead.
Your shadow hits the merfolk siren with a falchion.
You kill the merfolk siren!
Dithmenos accepts your kill.
Found a wand of flame (8).
Things that are here:
a +0 trident; a merfolk corpse You feel your magic capacity decrease.
You feel a sense of dread.
b - a +3 vampiric rapier (weapon)
Found a short sword.
v - a wand of flame (26) (gained 8 charges)
You see here a +0 short sword.
You now have 1142 gold pieces (gained 17).
A harpy comes into view. 2 harpies come into view.
The helpless harpy fails to defend itself.
You perforate the harpy like a sieve!!!!!
You kill the harpy!
Dithmenos accepts your kill.
You see here a harpy corpse.
The helpless harpy fails to defend itself.
You stick the harpy like a pincushion!!!!!
You kill the harpy!
Dithmenos accepts your kill.
The helpless harpy fails to defend itself.
You stick the harpy like a pincushion!!!!!
You kill the harpy!
Dithmenos accepts your kill.
Found a stone staircase leading down.
There is a stone staircase leading down here.
A merfolk comes into view. It is wielding a +0 trident.
A merfolk aquamancer comes into view. It is wielding a +0 rapier.
Found a stone staircase leading up.
A water elemental comes into view.
Found an escape hatch in the ceiling.
Found a stone staircase leading down.
The merfolk aquamancer shouts!
The merfolk shouts!
A water elemental comes into view.
The merfolk completely misses you.
Press: ? - help, v - describe, . - travel
Here: a merfolk aquamancer, wielding a +0 rapier and wearing a +0 robe (umbra) Some shallow water.
You feel drained.
You fade into invisibility!
You are very lightly contaminated with residual magic.
The merfolk aquamancer completely misses you.
The merfolk completely misses you.
The water elemental completely misses you.
You completely miss the merfolk aquamancer.
The merfolk aquamancer completely misses you.
You hit the merfolk aquamancer.
The merfolk aquamancer is lightly wounded.
The merfolk completely misses you. The water elemental closely misses you.
You puncture the merfolk aquamancer!
The merfolk aquamancer is moderately wounded.
Your shadow barely misses the merfolk aquamancer.
The merfolk aquamancer points at you and mumbles some strange words.
The torrent of water hits you!
The wave splashes down.
The water elemental closely misses you.
You hear a shout!
You hit the merfolk.
You feel better.
The merfolk is lightly wounded.
Your shadow closely misses the merfolk.
The merfolk misses you.
The water elemental completely misses you.
You strike the helpless water elemental from behind!
You spit the water elemental like a pig!!!
You destroy the water elemental!
Dithmenos accepts your kill. The merfolk aquamancer misses you.
You barely miss the water elemental. The merfolk completely misses you.
The water elemental misses you.
You hit the water elemental.
The water elemental is lightly damaged.
Your shadow hits the water elemental but does no damage.
The merfolk aquamancer casts a spell at you.
The ball of steam hits you!
You impale the water elemental!!
The water elemental is heavily damaged.
The merfolk hits you but does no damage.
The water elemental completely misses you.
The merfolk aquamancer casts a spell at you.
The shard of ice hits you!!
You emit a cloud of dark smoke.
You hit the water elemental.
The water elemental is heavily damaged.
Your shadow hits the water elemental but does no damage.
You catch the helpless water elemental completely off-guard!
You stick the water elemental like a pincushion!!!
You destroy the water elemental!
Dithmenos accepts your kill.
The merfolk aquamancer casts a spell at you.
The ball of steam misses you. The merfolk completely misses you.
You hit the merfolk.
The merfolk is lightly wounded.
Your shadow hits the merfolk but does no damage.
You catch the helpless merfolk completely off-guard!
You skewer the merfolk like a kebab!!!
You feel better.
You kill the merfolk!
Dithmenos accepts your kill.
You hear a splash. x2
The merfolk aquamancer misses you.
The merfolk aquamancer completely misses you.
Things that are here:
a +0 trident; a throwing net; a merfolk corpse You closely miss the merfolk aquamancer.
The merfolk aquamancer is moderately wounded.
You feel the dreadful sensation subside.
You feel a bond with the +10 falchion of Pandemonium {spect, MP+9}.
a - the +10 falchion of Pandemonium (weapon)
{spect, MP+9} The merfolk aquamancer hits you but does no damage.
You slash the merfolk aquamancer!
The merfolk aquamancer is moderately wounded.
Your shadow hits the merfolk aquamancer with a falchion.
Your +10 falchion of Pandemonium {spect, MP+9} hits the merfolk aquamancer!
The merfolk aquamancer hits your +10 falchion of Pandemonium {spect, MP+9} with a +0 rapier!
Your spectral weapon shares its damage with you!
You slash the merfolk aquamancer!
The merfolk aquamancer is almost dead.
Your +10 falchion of Pandemonium {spect, MP+9} hits the merfolk aquamancer!!
You kill the merfolk aquamancer!
Dithmenos accepts your kill.
You hear a splash. x2
You feel your magic capacity decrease.
Your spectral weapon disappears.
You feel a sense of dread.
b - a +3 vampiric rapier (weapon)
Things that are here:
a +0 rapier; a +0 robe You flicker for a moment.
M - 3 throwing nets (gained 1)
Things that are here:
a +0 trident; a merfolk corpse
Things that are here:
a +0 rapier; a +0 robe
Found a scroll of teleportation.
There is an escape hatch in the ceiling here.
You flicker back into view.
m - 9 scrolls of teleportation (gained 1)
Your magical contamination has completely faded away.
Found a long sword.
Done exploring.
Done exploring.
Search for what [? for help]? shoal Unknown command.
There is a stone staircase leading down here.
You fly downwards.
Found a broad axe.
Found a stone staircase leading up.
There is a stone staircase leading up here.
A water elemental comes into view.
You catch the helpless water elemental completely off-guard!
You skewer the water elemental like a kebab!!!
You destroy the water elemental!
Dithmenos accepts your kill.
A merfolk impaler comes into view. It is wielding a +1 trident of venom.
Found a scroll labelled DAUSTU JODWANN.
A merfolk comes into view. It is wielding a +0 spear of freezing.
Found a wand of iceblast (6).
The merfolk shouts!
A merfolk comes into view. It is wielding a +0 spear.
You see here a scroll labelled DAUSTU JODWANN.
D - a scroll labelled DAUSTU JODWANN A sea snake comes into view.
A manticore comes into view.
A merfolk comes into view. It is wielding a +0 trident.
You feel the dreadful sensation subside.
You feel a bond with the +10 falchion of Pandemonium {spect, MP+9}.
a - the +10 falchion of Pandemonium (weapon)
{spect, MP+9} You slash the merfolk!
The merfolk is moderately wounded.
Your shadow closely misses the merfolk.
Your +10 falchion of Pandemonium {spect, MP+9} hits the merfolk!
The merfolk misses you.
You closely miss the merfolk.
The merfolk is heavily wounded.
Your shadow hits the merfolk with a falchion.
Your +10 falchion of Pandemonium {spect, MP+9} misses the merfolk.
You slash the merfolk!
The merfolk is severely wounded.
Your shadow hits the merfolk with a falchion.
Your +10 falchion of Pandemonium {spect, MP+9} hits the merfolk.
The merfolk barely misses your +10 falchion of Pandemonium {spect, MP+9}.
You slash the merfolk!
The merfolk is almost dead.
Your shadow closely misses the merfolk.
Your +10 falchion of Pandemonium {spect, MP+9} hits the merfolk!
You kill the merfolk!
Dithmenos accepts your kill.
You hear a splash.
You start resting.
A sea snake is nearby!
The sea snake bites you but does no damage.
You slash the sea snake!
The sea snake is moderately wounded.
Your +10 falchion of Pandemonium {spect, MP+9} closely misses the sea snake.
The sea snake misses you.
You slash the sea snake!
The sea snake is heavily wounded.
Your +10 falchion of Pandemonium {spect, MP+9} hits the sea snake!!
The sea snake bites you!
You miss the sea snake.
The sea snake is severely wounded.
Your shadow misses the sea snake.
Your +10 falchion of Pandemonium {spect, MP+9} hits the sea snake!!
A merfolk comes into view.
It is wielding the +1 spear of the Incandescent {flame, +Blink rF- rCorr Dex+7}.
The sea snake bites you!
You slash the sea snake!
You kill the sea snake!
Dithmenos accepts your kill. The merfolk completely misses you.
The merfolk hits you but does no damage.
The merfolk completely misses you.
A satyr and a manticore come into view.
The merfolk misses you.
You feel your magic capacity decrease.
You feel a sense of dread.
b - a +3 vampiric rapier (weapon)
The helpless manticore fails to defend itself.
You stick the manticore like a pincushion!!!!!
You feel better.
You kill the manticore!
Dithmenos accepts your kill.
The helpless satyr fails to defend itself.
You perforate the satyr like a sieve!!!!!
You kill the satyr!
Dithmenos accepts your kill. The merfolk misses you.
You feel the dreadful sensation subside.
You feel a bond with the +10 falchion of Pandemonium {spect, MP+9}.
a - the +10 falchion of Pandemonium (weapon)
{spect, MP+9} The merfolk hits you with the +1 spear of the Incandescent {flame, +Blink rF- rCorr Dex+7}.
The merfolk burns you.
You barely miss the merfolk.
Your shadow hits the merfolk with a falchion.
Your +10 falchion of Pandemonium {spect, MP+9} hits the merfolk!
The merfolk completely misses you.
You closely miss the merfolk.
The merfolk is lightly wounded.
Your shadow hits the merfolk with a falchion.
Your +10 falchion of Pandemonium {spect, MP+9} hits the merfolk!
The merfolk hits you with the +1 spear of the Incandescent {flame, +Blink rF- rCorr Dex+7}!
The merfolk burns you.
You slash the merfolk!
The merfolk is severely wounded.
Your shadow hits the merfolk with a falchion.
Your +10 falchion of Pandemonium {spect, MP+9} hits the merfolk!
You slash the merfolk!
You kill the merfolk!
Dithmenos accepts your kill.
You have reached level 17!
A - 6 potions of flight (gained 1)
You see here the +1 spear of the Incandescent {flame, +Blink rF- rCorr Dex+7}.
You feel your magic capacity decrease.
You feel a sense of dread.
b - a +3 vampiric rapier (weapon)
You start resting.
HP restored.
You start resting.
Magic restored.
A satyr comes into view. It is wielding a +0 club.
The helpless satyr fails to defend itself.
You skewer the satyr like a kebab!!!!!
You kill the satyr!
Dithmenos accepts your kill.
A minotaur comes into view. It is quivering silver javelins.
Found a trident and a box of beasts.
A harpy comes into view.
The helpless minotaur fails to defend itself.
You skewer the minotaur like a kebab!!!!!
You kill the minotaur!
Dithmenos accepts your kill.
Your life force feels restored.
Things that are here:
4 silver javelins; a +0 plate armour; a minotaur corpse A harpy comes into view.
A harpy comes into view.
The helpless harpy fails to defend itself.
You skewer the harpy like a kebab!!!!!
You kill the harpy!
Dithmenos accepts your kill.
A manticore and a harpy come into view.
Found 27 gold pieces.
The harpy screeches! x2; You hear an angry hiss.
The harpy barely misses you. The harpy completely misses you.
The manticore flicks its tail.
The volley of spikes hits you!!
The barbed spikes become lodged in your body.
You feel the dreadful sensation subside.
You feel a bond with the +10 falchion of Pandemonium {spect, MP+9}.
a - the +10 falchion of Pandemonium (weapon)
{spect, MP+9} The harpy claws you but does no damage.
The harpy claws you. The harpy completely misses you. The harpy claws you!
The harpy screeches!
You slash the harpy!
The harpy is moderately wounded.
Your shadow hits the harpy with a falchion.
Your +10 falchion of Pandemonium {spect, MP+9} hits the harpy!
The harpy claws you. x2
The harpy claws your +10 falchion of Pandemonium {spect, MP+9} but does no damage.
The harpy barely misses your +10 falchion of Pandemonium {spect, MP+9}. x2
The harpy claws your +10 falchion of Pandemonium {spect, MP+9}!
Your spectral weapon shares its damage with you!
The harpy misses you. The harpy completely misses you.
The manticore flicks its tail.
The volley of spikes hits you.
The barbed spikes become lodged in your body.
You slash the harpy!
The harpy is moderately wounded.
Your +10 falchion of Pandemonium {spect, MP+9} hits the harpy!
The harpy closely misses you. The harpy completely misses you. x3
The harpy barely misses your +10 falchion of Pandemonium {spect, MP+9}.
The harpy claws your +10 falchion of Pandemonium {spect, MP+9}!
Your spectral weapon shares its damage with you!
You slash the harpy!
The harpy is severely wounded.
Your +10 falchion of Pandemonium {spect, MP+9} hits the harpy!
You kill the harpy!
Dithmenos accepts your kill.
The harpy claws your +10 falchion of Pandemonium {spect, MP+9}!
Your spectral weapon shares its damage with you!
Your +10 falchion of Pandemonium {spect, MP+9} fades away.
A wind drake comes into view.
The harpy closely misses you. The harpy claws you but does no damage.
You slice the harpy!!
You kill the harpy!
Dithmenos accepts your kill. The harpy completely misses you.
The harpy misses you. The manticore bites you.
The manticore completely misses you. The manticore misses you.
The wind drake flaps its wings at you. The air twists around and strikes you!
You slash the harpy!
The harpy is moderately wounded.
Your shadow closely misses the harpy.
Your +10 falchion of Pandemonium {spect, MP+9} closely misses the harpy.
The harpy completely misses you. The harpy claws you.
* * * LOW HITPOINT WARNING * * *
You slash the harpy! Your punch misses the harpy.
The harpy is severely wounded.
Your +10 falchion of Pandemonium {spect, MP+9} barely misses the harpy.
The harpy claws you!
* * * LOW HITPOINT WARNING * * *
The harpy completely misses you. The manticore closely misses you.
The manticore completely misses you.
The manticore claws you but does no damage.
Okay, then.
Unknown command.
You feel drained.
You fade into invisibility!
You are very lightly contaminated with residual magic.
The manticore completely misses you. x3
The wind drake flaps its wings at you.
You die...

Skill      XL: |  1  2  3  4  5  6  7  8  9 10 11 12 13 14 15 16 |
---------------+-------------------------------------------------+-----
Short Blades   | 3 5 6 7 9 10 | 10.1
Stealth        | 6 8 9 10 12 13 14 15 16 17 18 | 18.6
Evocations     | 1 4 7 9 11 12 13 14 15 | 15.0
Long Blades    | 2 4 5 6 7 9 10 | 10.8
Fighting       | 4 6 7 8 9 10 | 10.0
Dodging        | 3 6 9 11 12 13 | 13.8
Armour         | 1 4 5 6 7 8 |  8.5
Invocations    | 3 4 6 |  6.9
Throwing       | |  2.1

Action                   |  1- 3 |  4- 6 |  7- 9 | 10-12 | 13-15 | 16-18 || total
-------------------------+-------+-------+-------+-------+-------+-------++-------
Melee: Dagger            |    89 |   129 |    95 |    87 |   407 |    13 ||   820
       Punch             |       |     1 |     1 |     2 |     8 |     4 ||    16
       Falchion          |       |       |    67 |   178 |   287 |    96 ||   628
       Rapier            |       |       |       |       |    27 |   125 ||   152
 Fire: Sling             |     1 |     1 |       |       |       |       ||     2
       Shortbow          |       |       |       |       |     1 |       ||     1
Throw: Dart              |       |     1 |     3 |    11 |       |     1 ||    16
 Abil: Evoke Invisibilit |       |       |       |     3 |    14 |     5 ||    22
Evoke: Wand              |       |       |       |       |     1 |       ||     1
  Use: Potion            |       |       |     7 |       |     2 |     3 ||    12
       Scroll            |       |       |       |    13 |     7 |     4 ||    24
 Stab: Sleeping          |    16 |    14 |    32 |    63 |    77 |    32 ||   234
       Distracted        |       |     1 |     2 |     7 |    18 |     7 ||    35
       Invisible         |       |       |       |     6 |   105 |    33 ||   144
Armor: Robe              |     9 |    24 |    24 |    18 |       |       ||    75
       Acid dragon scale |       |       |       |    30 |    23 |       ||    53
       Troll leather arm |       |       |       |       |    48 |    23 ||    71
Dodge: Dodged            |    50 |    66 |    84 |   124 |   493 |   197 ||  1014

Levels and vault maps discovered:
D:1:      psy_arrival_whirlpool, layout_loops_ring
D:2:      minmay_angry_zag, layout_rooms, serial_curves, eino_curves_02,
          eino_curves_02, eino_curves_04
D:3:      layout_loops_ring, ebering_ecumenical_altar_petrified,
          grunt_ministairs_3, uniq_sigmund, uniq_grinder, uniq_ijyb
D:4:      layout_basic, mainiacjoe_overflow_large_starburst
D:5:      layout_basic
D:6:      layout_gridville, nicolae_ashenzari_skybound, temple_pool_b,
          hangedman_minor_gate_pass
D:7:      minmay_flawed_box, layout_basic, mainiacjoe_overflow_paths,
          overflow_temple_1_default, mainiacjoe_overflow_catwalk, serial_shops,
          nicolae_stop_n_shop_1, serial_curves, eino_curves_02, eino_curves_01,
          eino_curves_01, guppyfry_early_elven_hall, uniq_menkaure
D:8:      layout_basic, general_overflow_altar, serial_shops,
          kennysheep_mini_moat
D:9:      layout_roguey, grunt_temple_overflow_diamond, lemuel_crystal_altar,
          due_lair_maze_entry_diamond, chequers_avenue, uniq_pikel, uniq_grum
D:10:     layout_gridville, uniq_maggie
D:11:     wander_kiku_kobolds, layout_irregular_city, orc_0_dummy, st_stairs_11
D:12:     layout_loops_ring, gauntlet_entry_generic, serial_shops,
          nicolae_shop_crystal
Temple:   nicolae_temple_ecumenical_triangle
Lair:1:   layout_loops_ring, gammafunk_ghost_berserking_beasts
Lair:2:   nzn_winding_woodlands_small
          [nzn_winding_woodlands_5x15_pathside_ponds,
          nzn_winding_woodlands_center_garden,
          nzn_winding_woodlands_5x15_twine], layout_long_grid, dummy_snake_entry
Lair:3:   layout_cave_pods, minmay_shoals_entry_hut,
          nicolae_quartered_pool_little, grunt_megastairs_5
Lair:4:   layout_big_grid, minmay_slime_entry_oklob_open
Lair:5:   evilmike_catoblepas_cave, layout_loops_ring, cheibrodos_lair_lostbears
Shoals:1: layout_shoals, nicolae_shop_vocational
Shoals:2: layout_shoals, nicolae_specific_store, uniq_donald, uniq_polyphemus
Shoals:3: layout_shoals, ebering_ghost_xom, uniq_louise
Shoals:4: shoals_end_hellmonk_lost_city, serial_shops
Orc:1:    layout_caves, uniq_josephine
Orc:2:    st_orc_mages, layout_diamond_mine, basic_altar, nicolae_orc_lava_tube,
          nicolae_orc_pool_cavern

Notes
Turn   | Place    | Note
-------+----------+-------------------------------------------
     0 | D:1      | scionoferis the Kobold Brigand began the quest for the Orb.
     0 | D:1      | Reached XP level 1. HP: 12/12 MP: 1/1
   214 | D:1      | Reached skill level 3 in Short Blades
   214 | D:1      | Reached XP level 2. HP: 17/17 MP: 2/2
   427 | D:1      | Reached skill level 6 in Stealth
   656 | D:1      | Reached XP level 3. HP: 21/21 MP: 3/3
  1141 | D:2      | Reached XP level 4. HP: 26/26 MP: 4/4
  1519 | D:3      | Reached skill level 7 in Stealth
  1647 | D:3      | Found a faded altar of an unknown god.
  1699 | D:3      | Reached skill level 4 in Short Blades
  1810 | D:3      | Noticed Grinder
  1875 | D:3      | Noticed Sigmund
  1881 | D:3      | Killed Sigmund
  1882 | D:3      | Reached skill level 5 in Short Blades
  1882 | D:3      | Reached skill level 8 in Stealth
  1882 | D:3      | Reached XP level 5. HP: 30/30 MP: 5/5
  1882 | D:3      | Reached XP level 6. HP: 35/35 MP: 6/6
  1939 | D:3      | Identified the +1 helmet of the Old and Reckless {+Inv
                  | Dex+3}
  1996 | D:3      | Noticed Ijyb
  2000 | D:3      | Killed Ijyb
  2001 | D:3      | Reached skill level 9 in Stealth
  2552 | D:4      | Found a shimmering altar of Xom.
  2630 | D:4      | Found an ancient bone altar of Kikubaaqudgha.
  2671 | D:4      | Reached skill level 1 in Evocations
  2721 | D:4      | Reached XP level 7. HP: 40/40 MP: 7/7
  2835 | D:4      | Reached skill level 2 in Evocations
  3023 | D:4      | Reached skill level 6 in Short Blades
  3023 | D:4      | Reached skill level 3 in Evocations
  3306 | D:5      | Entered Level 5 of the Dungeon
  3457 | D:5      | Reached skill level 4 in Evocations
  3457 | D:5      | Reached XP level 8. HP: 44/44 MP: 8/8
  3529 | D:5      | Reached skill level 10 in Stealth
  3870 | D:5      | Reached skill level 5 in Evocations
  4370 | D:6      | Found a broken altar of Ashenzari.
  4475 | D:6      | Identified the +10 falchion of Pandemonium {spect, MP+9}
  4545 | D:6      | Reached skill level 7 in Short Blades
  4694 | D:6      | Reached skill level 6 in Evocations
  5182 | D:6      | Found a staircase to the Ecumenical Temple.
  5205 | D:6      | Reached skill level 7 in Evocations
  5205 | D:6      | Reached XP level 9. HP: 48/48 MP: 8/9
  5220 | Temple   | Entered the Ecumenical Temple
  5500 | D:7      | Found Komm's Weapon Shoppe.
  5506 | D:7      | Found a shadowy altar of Dithmenos.
  5513 | D:7      | Became a worshipper of Dithmenos the Shadowed
  5584 | D:7      | Reached skill level 11 in Stealth
  5776 | D:7      | Reached skill level 8 in Short Blades
  5822 | D:7      | Reached skill level 8 in Evocations
  5932 | D:7      | Noticed Menkaure
  5943 | D:7      | Killed Menkaure
  6092 | D:7      | Found a blossoming altar of Fedhas.
  6497 | D:7      | Reached skill level 9 in Evocations
  6503 | D:7      | HP: 4/48 [poisoned by a killer bee]
  6506 | D:7      | Gained mutation: You do not regenerate when monsters are
                  | visible. [potion of mutation]
  6506 | D:7      | Lost mutation: You do not regenerate when monsters are
                  | visible. [potion of mutation]
  6506 | D:7      | Gained mutation: Your spells are a little harder to cast,
                  | but a little more powerful. [potion of mutation]
  6694 | D:7      | Reached skill level 9 in Short Blades
  6826 | D:7      | Noticed a deep elf zephyrmancer
  6829 | D:7      | Killed a deep elf zephyrmancer
  6830 | D:7      | Reached skill level 12 in Stealth
  6830 | D:7      | Reached XP level 10. HP: 53/53 MP: 10/10
  6944 | D:7      | Found a hazy altar of Hepliaklqana.
  6955 | D:7      | Reached * piety under Dithmenos
  7372 | D:3      | Killed Grinder
  7373 | D:3      | Reached skill level 10 in Evocations
  7893 | D:8      | Found a glowing golden altar of the Shining One.
  7939 | D:8      | Reached skill level 10 in Short Blades
  8018 | D:8      | Found Wyoqi's Assorted Antiques.
  8021 | D:8      | Bought a bubbling emerald potion for 30 gold pieces
  8021 | D:8      | Bought a bubbling emerald potion for 30 gold pieces
  8021 | D:8      | Bought a murky puce potion for 30 gold pieces
  8998 | D:9      | Reached skill level 11 in Evocations
  9052 | D:9      | Found an ornate altar of the Wu Jian Council.
  9092 | D:9      | Reached skill level 1 in Long Blades
  9180 | D:9      | Reached skill level 3 in Fighting
  9190 | D:9      | Noticed a komodo dragon
  9211 | D:9      | Killed a komodo dragon
  9212 | D:9      | Reached skill level 13 in Stealth
  9283 | D:9      | Found a staircase to the Lair.
  9301 | D:9      | Reached skill level 2 in Long Blades
  9371 | D:9      | Noticed Grum
  9375 | D:9      | Killed Grum
  9376 | D:9      | Reached skill level 4 in Fighting
  9377 | D:9      | Reached ** piety under Dithmenos
  9382 | D:9      | Reached XP level 11. HP: 30/62 MP: 11/11
  9820 | D:9      | Noticed Pikel
  9838 | D:9      | Killed Pikel
  9839 | D:9      | Reached skill level 5 in Fighting
  9839 | D:9      | Reached skill level 3 in Long Blades
 10089 | D:9      | Found an opulent altar of Gozag.
 10092 | D:9      | Found a hide-covered altar of Uskayaw.
 10096 | D:9      | Found a stormy altar of Qazlal.
 10161 | D:9      | Reached skill level 4 in Long Blades
 10164 | D:9      | Reached skill level 6 in Fighting
 10674 | D:10     | Entered Level 10 of the Dungeon
 11192 | D:10     | Noticed Maggie
 11193 | D:10     | Killed Maggie
 11559 | D:11     | Reached skill level 2 in Dodging
 11569 | D:11     | Reached skill level 14 in Stealth
 11569 | D:11     | Found a staircase to the Orcish Mines.
 11783 | Lair:1   | Entered Level 1 of the Lair of Beasts
 11786 | Lair:1   | Reached skill level 1 in Armour
 11800 | Lair:1   | Reached skill level 12 in Evocations
 11832 | Lair:1   | Noticed a boulder beetle
 11851 | Lair:1   | Killed a boulder beetle
 11852 | Lair:1   | Reached skill level 3 in Dodging
 12014 | Lair:1   | Noticed a moth of wrath
 12042 | Lair:1   | Found a transporter.
 12044 | Lair:1   | Noticed freelancePsychic's ghost (journeyman MeMo)
 12044 | Lair:1   | Noticed a boulder beetle
 12053 | Lair:1   | Reached XP level 12. HP: 71/71 MP: 12/12
 12112 | Lair:1   | Reached skill level 2 in Armour
 12112 | Lair:1   | Reached skill level 1 in Invocations
 12341 | Lair:1   | Reached *** piety under Dithmenos
 12432 | Lair:1   | Reached skill level 7 in Fighting
 12625 | Lair:1   | Reached skill level 5 in Long Blades
 12625 | Lair:1   | Reached skill level 4 in Dodging
 12917 | Lair:2   | Reached skill level 2 in Invocations
 13201 | Lair:2   | Reached skill level 3 in Armour
 13336 | Lair:2   | Reached skill level 5 in Dodging
 13605 | Lair:2   | Noticed a four-headed hydra
 13616 | Lair:2   | Killed a four-headed hydra
 13892 | Lair:2   | Found a staircase to the Snake Pit.
 14362 | Lair:3   | Noticed a seven-headed hydra
 14369 | Lair:3   | Killed a seven-headed hydra
 14370 | Lair:3   | Reached skill level 3 in Invocations
 14625 | Lair:3   | Reached skill level 6 in Dodging
 14933 | Lair:3   | Reached skill level 4 in Armour
 15340 | Lair:3   | Found a staircase to the Shoals.
 15420 | Lair:3   | Reached XP level 13. HP: 73/75 MP: 15/15
 15558 | Lair:4   | Found a viscous altar of Jiyva.
 15558 | Lair:4   | Found a staircase to the Slime Pits.
 15790 | Lair:4   | Reached skill level 7 in Dodging
 15790 | Lair:4   | Reached skill level 4 in Invocations
 15849 | Lair:4   | Reached skill level 8 in Fighting
 15849 | Lair:4   | Reached skill level 15 in Stealth
 15993 | Lair:4   | Reached **** piety under Dithmenos
 16088 | Lair:5   | Entered Level 5 of the Lair of Beasts
 16165 | Lair:5   | Reached skill level 6 in Long Blades
 16165 | Lair:5   | Reached skill level 13 in Evocations
 16402 | Lair:5   | Reached skill level 8 in Dodging
 16468 | Lair:5   | Reached skill level 5 in Armour
 16504 | Lair:5   | Noticed a seven-headed hydra
 16509 | Lair:5   | Killed a seven-headed hydra
 17192 | Lair:5   | Reached skill level 9 in Dodging
 17269 | Lair:5   | Reached XP level 14. HP: 63/78 MP: 17/17
 17294 | Lair:5   | Reached skill level 9 in Fighting
 17601 | Lair:5   | Reached ***** piety under Dithmenos
 17608 | Lair:5   | Reached skill level 10 in Dodging
 17616 | Lair:5   | Reached skill level 16 in Stealth
 17833 | Lair:5   | Reached skill level 7 in Long Blades
 17863 | Lair:5   | Reached skill level 6 in Armour
 18355 | Lair:2   | Reached skill level 11 in Dodging
 18356 | Lair:2   | Reached skill level 14 in Evocations
 19519 | D:12     | Found a gate leading to a gauntlet.
 19523 | Gauntlet | Entered a Gauntlet
 19523 | Gauntlet | Found a transporter.
 19536 | Gauntlet | Found a transporter.
 19538 | Gauntlet | Found a transporter.
 19560 | Gauntlet | Found a transporter.
 19610 | Gauntlet | Found a transporter.
 19616 | Gauntlet | Found a transporter.
 19638 | Gauntlet | Found a transporter.
 19663 | Gauntlet | Found a transporter.
 19675 | Gauntlet | Found a transporter.
 19702 | Gauntlet | Found a transporter.
 19714 | Gauntlet | Found a transporter.
 19726 | Gauntlet | Found a transporter.
 19749 | Gauntlet | Found a transporter.
 19761 | Gauntlet | Found a transporter.
 19770 | Gauntlet | Found a transporter.
 19775 | Gauntlet | Found a large runed translucent door.
 19775 | Gauntlet | Found a large runed translucent door.
 19776 | Gauntlet | Found a large runed translucent door.
 19777 | Gauntlet | Found a large runed translucent door.
 19778 | Gauntlet | Found a large runed translucent door.
 19778 | Gauntlet | Found a large runed translucent door.
 19779 | Gauntlet | Found a large runed translucent door.
 19780 | Gauntlet | Found a large runed translucent door.
 19788 | Gauntlet | Found a runed translucent door.
 19790 | Gauntlet | Found a runed translucent door.
 19791 | Gauntlet | Found a large runed translucent door.
 19791 | Gauntlet | Found a large runed translucent door.
 19792 | Gauntlet | Found a large runed translucent door.
 19793 | Gauntlet | Found a large runed translucent door.
 19795 | Gauntlet | Found a transporter.
 19814 | Gauntlet | Found a runed translucent gate.
 19820 | Gauntlet | Found a runed translucent gate.
 19820 | Gauntlet | Found a runed translucent gate.
 20205 | Gauntlet | Found a transporter.
 20213 | Gauntlet | Found a transporter.
 20256 | Gauntlet | Identified the ring of Zaih {MP+9 Int+6}
 20536 | Gauntlet | Noticed a minotaur
 20543 | Gauntlet | Killed a minotaur
 20544 | Gauntlet | Reached XP level 15. HP: 84/87 MP: 18/18
 20723 | D:12     | Reached skill level 10 in Fighting
 21320 | D:12     | Found Melas's Antique Armour Emporium.
 21327 | D:12     | Bought a pair of embroidered boots for 262 gold pieces
 21584 | D:11     | Found an ancient bone altar of Kikubaaqudgha.
 21883 | Orc:1    | Entered Level 1 of the Orcish Mines
 21992 | D:11     | Reached ****** piety under Dithmenos
 22148 | Orc:1    | Noticed Josephine
 22154 | Orc:1    | Killed Josephine
 22429 | Orc:2    | Entered Level 2 of the Orcish Mines
 22805 | Orc:2    | Found a bloodstained altar of Trog.
 22876 | Orc:2    | Reached skill level 12 in Dodging
 23216 | Orc:2    | Found a staircase to the Elven Halls.
 23474 | Orc:2    | Reached skill level 8 in Long Blades
 23479 | Orc:2    | Found Unurghe's Distillery.
 23480 | Orc:2    | Found Wekoet Rudusm's Armour Shoppe.
 23486 | Orc:2    | Found Custrir's Book Emporium.
 23486 | Orc:2    | Found Menyshro's Jewellery Emporium.
 23516 | Orc:2    | Reached skill level 17 in Stealth
 23708 | Orc:2    | Bought a potion of degeneration for 15 gold pieces
 23758 | Orc:2    | Bought a ring of flight for 262 gold pieces
 23758 | Orc:2    | Bought an amulet of the acrobat for 450 gold pieces
 23908 | Lair:1   | Killed freelancePsychic's ghost
 23910 | Lair:1   | Reached skill level 7 in Armour
 23910 | Lair:1   | Identified the ring of Exad {rC+ rCorr Str+6 Int-2}
 23916 | Lair:1   | Found a transporter.
 24179 | Shoals:1 | Entered Level 1 of the Shoals
 24316 | Shoals:1 | Found Fagusm's Vocational Training.
 24367 | Shoals:1 | HP: 8/92 [wind drake/the air (15)]
 24880 | Shoals:1 | You are sucked into a shaft and drop 1 floor!
 24886 | Shoals:2 | Reached skill level 15 in Evocations
 24899 | Shoals:2 | Reached skill level 9 in Long Blades
 25099 | Shoals:1 | Reached XP level 16. HP: 60/91 MP: 19/19
 25586 | Shoals:2 | Noticed a kraken
 25609 | Shoals:2 | Killed a kraken
 25853 | Shoals:2 | Noticed Donald
 25857 | Shoals:2 | Killed Donald
 26368 | Shoals:2 | Found Tojov's General Store.
 26369 | Shoals:2 | Found Gusou's Specific Store.
 26489 | Shoals:2 | Noticed Polyphemus
 26507 | Shoals:2 | Reached skill level 13 in Dodging
 26521 | Shoals:2 | Killed Polyphemus
 26616 | Shoals:2 | Reached skill level 18 in Stealth
 26937 | Shoals:3 | Reached skill level 8 in Armour
 27036 | Shoals:3 | Reached skill level 10 in Long Blades
 27061 | Shoals:3 | Found a runed translucent door.
 27061 | Shoals:3 | Found a shimmering altar of Xom.
 27061 | Shoals:3 | Noticed lotum's ghost (adept TeHu)
 27067 | Shoals:3 | Killed lotum's ghost
 27482 | Shoals:3 | Identified the ring of Sloth {Ice *Corrode Str+4 SInv}
 27495 | Shoals:3 | Reached skill level 5 in Invocations
 27497 | Shoals:3 | Identified the +1 robe of Weightlessness {rCorr Str+2
                  | Dex+2}
 28092 | Shoals:3 | Reached skill level 6 in Invocations
 28478 | Shoals:4 | Entered Level 4 of the Shoals
 28643 | Shoals:4 | Identified the +1 spear of the Incandescent {flame, +Blink
                  | rF- rCorr Dex+7}
 28662 | Shoals:4 | Reached XP level 17. HP: 88/100 MP: 19/22
 28751 | Shoals:4 | Killed from afar by a wind drake

Vanquished Creatures
  A kraken (Shoals:2)
  Polyphemus (Shoals:2)
  Donald (Shoals:2)
  The ghost of lotum the Fencer, an adept TeHu of the Shining One (Shoals:3)
  2 minotaurs (Gauntlet Shoals:4)
  The ghost of freelancePsychic the Carver, a journeyman MeMo of Cheibriados (Lair:1)
  A merfolk javelineer (Shoals:1)
  4 merfolk impalers (Shoals:3 Shoals:2)
  Josephine (Orc:1)
  A hell beast (Gauntlet)
  5 hydras (Lair:2 Lair:3 Lair:5)
  An alligator snapping turtle (Shoals:3)
  3 merfolk aquamancers (Shoals:1 Shoals:2 Shoals:3)
  3 boulder beetles (Lair:1 D:12)
  A merfolk avatar (Shoals:1)
  4 catoblepae (Lair:5 Shoals:2)
  A two-headed ogre (Orc:1)
  2 satyrs (Shoals:4)
  A centaur warrior (Shoals:1)
  A dancing weapon (Shoals:3)
  15 death yaks (Lair:5 Shoals:2)
  4 orc high priests (Orc:2)
  3 sea snakes (Shoals:2 Shoals:3 Shoals:4)
  Pikel (D:9)
  21 harpies (Shoals:1 Shoals:3 Shoals:4)
  An orc knight (Orc:1)
  A deep elf pyromancer (D:12)
  A deep elf zephyrmancer (D:7)
  2 orc sorcerers (Orc:2)
  4 oklob plants (Lair:4)
  5 manticores (Lair:5 Shoals:3 Shoals:4)
  2 ugly things (D:12)
  16 fauns (Shoals:2 Shoals:3)
  7 black mambas (Lair:4 Lair:5 Lair:1)
  A worldbinder (Gauntlet)
  2 moths of wrath (Lair:1)
  A cyclops (Orc:1)
  6 merfolk sirens (Shoals:1 Shoals:2 Shoals:3)
  3 water nymphs (Shoals:1 Shoals:3)
  7 elephants (Lair:5 Lair:2)
  Maggie (D:10)
  A gargoyle (D:12)
  13 cane toads (Lair:1 Lair:3 Lair:4 Lair:5 Lair:2)
  An unseen horror (D:11)
  5 rime drakes (Lair:1 Lair:3 Lair:4)
  A kobold demonologist (D:11)
  11 komodo dragons (D:9 Lair:1 Lair:2 Lair:3 Lair:5)
  19 merfolk (Shoals:1 Shoals:2 Shoals:3 Shoals:4)
  6 trolls (D:9 D:10 D:11 D:12 Orc:1)
  7 polar bears (Lair:1 Lair:2 Lair:5)
  7 wind drakes (Shoals:1 Shoals:2 Shoals:3)
  6 blink frogs (Lair:5 Lair:2)
  3 slime creatures (D:12)
  Grinder (D:3)
  5 snapping turtles (Lair:3 Shoals:2 Shoals:3)
  3 dream sheep (Shoals:3)
  Sigmund (D:3)
  A shadow (D:11)
  6 wraiths (D:11 Orc:1)
  4 vampires (D:11)
  9 water elementals (Shoals:1 Shoals:2 Shoals:3 Shoals:4)
  2 wyverns (D:8 Lair:2)
  3 basilisks (Lair:2 Lair:3 Lair:5)
  Grum (D:9)
  49 yaks (D:9 D:10 Lair:2 Lair:3 Lair:4)
  2 steam dragons (D:8 D:9)
  2 vampire mosquitoes (D:10)
  Menkaure (D:7)
  3 swamp worms (Gauntlet)
  21 water moccasins (D:7 D:9 Lair:1 Lair:2 Lair:3)
  An acid dragon (D:9)
  12 orc warriors (D:9 Orc:1 Orc:2)
  A sky beast (D:6)
  3 black bears (D:6 D:9)
  A boggart (Gauntlet)
  3 ogres (D:6 Orc:1)
  11 wolves (D:9 Lair:5)
  A lemure (D:9)
  6 centaurs (D:5 D:6 D:9 D:10 D:11)
  A phantom (D:7)
  8 kobold brigands (D:9 D:11)
  15 bullfrogs (D:9 Lair:1 Lair:2 Lair:3 Lair:4)
  3 gnoll sergeants (D:7 D:8)
  A necrophage (D:8)
  5 scorpions (D:4 D:5 D:6 D:9)
  11 wights (D:7 D:8 D:9)
  14 killer bees (D:7 D:10 D:11)
  2 howler monkeys (D:4 D:9)
  An electric eel (Lair:3)
  3 hounds (D:5 D:7)
  3 jellies (D:4 D:6)
  21 orc priests (D:4 D:5 D:6 D:9 D:12)
  A gnoll bouda (D:8)
  3 iguanas (D:4 D:5 D:7)
  Ijyb (D:3)
  24 orc wizards (D:5 D:7 D:9 D:12 Orc:2)
  23 gnolls (D:4 D:6 D:7 D:8)
  9 adders (D:2 D:3 D:4 D:6)
  2 shadow imps (D:11)
  2 white imps (D:7)
  2 ufetubi (D:5 D:6)
  3 dart slugs (D:1 D:4)
  32 orcs (D:4 D:5 D:7 D:9 D:12)
  5 bats (D:1 D:2 D:3)
  6 endoplasms (D:1 D:2 D:3)
  A giant cockroach (D:1)
  8 hobgoblins (D:2 D:3 D:4)
  7 jackals (D:3 D:4)
  4 quokkas (D:1 D:2 D:4)
  4 ball pythons (D:1 D:2 D:4)
  10 frilled lizards (D:1 D:2)
  9 goblins (D:1 D:2 D:3 D:4)
  37 kobolds (D:1 D:2 D:3 D:4 D:9)
  10 kobold skeletons (D:11)
  8 kobold zombies (D:11)
  3 rats (D:1 D:2)
675 creatures vanquished.

Vanquished Creatures (others)
  86 fungi (D:9 Lair:1 Lair:2 Lair:3 Lair:5)
  159 plants (D:9 Lair:2 Lair:5 Shoals:1 Shoals:2)
245 creatures vanquished.

Grand Total: 920 creatures vanquished

Table legend: (Time is in decaauts)
 A = Elapsed time spent in this place.
 B = Non-inter-level travel time spent in this place.
 C = Inter-level travel time spent in this place.
 D = Time resting spent in this place.
 E = Time spent auto-exploring this place.
 F = Levels seen in this place.
 G = Mean time per level.
                   A        B        C        D        E       F      G
               +--------+--------+--------+--------+--------+-----+--------+
         Total |  28156 |  26496 |   1660 |   2862 |  18275 |  25 | 1126.2 |
       Dungeon |  14042 |  13140 |    902 |   1168 |   9807 |  12 | 1170.2 |
        Temple |    128 |    112 |     16 |      0 |    102 |   1 |  128.0 |
          Lair |   7007 |   6557 |    450 |   1064 |   4254 |   5 | 1401.4 |
        Shoals |   4206 |   4021 |    185 |    359 |   2695 |   4 | 1051.5 |
  Orcish Mines |   1680 |   1574 |    106 |    102 |   1126 |   2 |  840.0 |
      Gauntlet |   1090 |   1090 |      0 |    168 |    290 |   1 | 1090.0 |
               +--------+--------+--------+--------+--------+-----+--------+

Top non-repeatable levels by time:
  Lair:5: 2066 daAuts
     D:7: 1927 daAuts
     D:9: 1753 daAuts
    D:11: 1713 daAuts
  Lair:3: 1610 daAuts
  Lair:2: 1514 daAuts
Shoals:2: 1496 daAuts
     D:8: 1342 daAuts
  Lair:1: 1308 daAuts
Shoals:1: 1230 daAuts
Shoals:3: 1217 daAuts
   Orc:2: 1153 daAuts
     D:3: 1103 daAuts
     D:6: 1093 daAuts
Gauntlet: 1090 daAuts

Table legend:
 A = Non-vault XP
 B = Vault XP
 C = Vault XP percentage of total XP
 D = Non-vault monster count
 E = Vault monster count
 F = Vault count percentage of total count
                 A         B        C        D         E       F
            +---------+---------+-------+---------+---------+-------
      Total |  105417 |   50787 |  32.5 |     460 |     214 |  31.8
            +---------+---------+-------+---------+---------+-------
        D:1 |      32 |       0 |   0.0 |      19 |       0 |   0.0
        D:2 |      41 |       9 |  18.0 |      19 |       8 |  29.6
        D:3 |      59 |     536 |  90.1 |      14 |       5 |  26.3
        D:4 |     435 |       0 |   0.0 |      26 |       0 |   0.0
        D:5 |     418 |       0 |   0.0 |      10 |       0 |   0.0
        D:6 |     531 |     250 |  32.0 |      11 |       4 |  26.7
        D:7 |    1159 |    1053 |  47.6 |      22 |      10 |  31.2
        D:8 |    1134 |       0 |   0.0 |      23 |       0 |   0.0
        D:9 |    2853 |    2432 |  46.0 |      28 |      16 |  36.4
       D:10 |    1799 |     409 |  18.5 |      11 |       1 |   8.3
       D:11 |    1760 |    2369 |  57.4 |      11 |      57 |  83.8
       D:12 |    4512 |       0 |   0.0 |      13 |       0 |   0.0
     Lair:1 |    4182 |    4334 |  50.9 |      15 |       8 |  34.8
     Lair:2 |    3708 |    3299 |  47.1 |      15 |      11 |  42.3
     Lair:3 |    4872 |     334 |   6.4 |      19 |       2 |   9.5
     Lair:4 |    2849 |    2273 |  44.4 |      12 |       4 |  25.0
     Lair:5 |   19157 |   12068 |  38.6 |      53 |      27 |  33.8
   Shoals:1 |   15097 |       0 |   0.0 |      30 |       0 |   0.0
   Shoals:2 |   13773 |    6661 |  32.6 |      30 |       7 |  18.9
   Shoals:3 |   19382 |    2015 |   9.4 |      38 |       2 |   5.0
   Shoals:4 |    3438 |    3163 |  47.9 |       7 |       4 |  36.4
      Orc:1 |    2810 |    1321 |  32.0 |      18 |       3 |  14.3
      Orc:2 |    1416 |    5278 |  78.8 |      16 |      38 |  70.4
   Gauntlet |       0 |    2983 | 100.0 |       0 |       7 | 100.0
            +---------+---------+-------+---------+---------+-------
